Map: Blueshift LE

Players

lIIllllIIlll (INnoVation)

  • Race: Terran Terran
  • League: Master
  • Spawn Location: 7:00

Zanster - Winner!

  • Race: Zerg Zerg
  • Spawn Location: 1:00

Event: HomeStory Cup XVIII

VOD

Have the link to the VOD?

Description

Time

  • Played on: Nov. 22, 2018, 11:16 a.m.
  • Length: 20:13

All games in this series

Show
View Real Time Build Order
Export as new Build Order

lIIllllIIlll Terran 

Build Orders:  

Get SALT Encoding   

  12  0:00  SCV  
  13  0:12  SCV  
  14  0:16  Supply Depot  
  14  0:24  SCV  
  15  0:38  SCV  
  15  0:39  Barracks  
  16  0:43  Refinery  
  16  0:50  SCV  
  17  1:02  SCV  
  18  1:14  SCV  
  20  1:25  Reaper  
  20  1:26  Orbital Command  
  20  1:38  Command Center  
  20  1:48  Supply Depot  
  20  1:52  SCV  
  21  1:57  Marine  
  22  2:04  SCV  
  22  2:07  Factory  
  23  2:10  Refinery  
  23  2:16  SCV  
  23  2:20  Barracks Reactor  
  24  2:28  SCV  
  25  2:40  SCV  
  26  2:51  Orbital Command  
  26  2:52  Starport, SCV  
  27  2:59  Hellion  
  27  3:00  Hellion  
  27  3:02  Barracks Tech Lab  
  27  3:04  SCV  
  32  3:16  SCV  
  32  3:18  SCV  
  34  3:21  Hellion x2  
  34  3:25  Supply Depot  
  38  3:28  Stimpack, Viking  
  38  3:29  SCV  
  38  3:30  SCV  
  42  3:41  SCV  
  42  3:43  SCV  
  44  3:50  Command Center  
  44  3:54  SCV  
  44  3:55  SCV  
  46  4:02  Barracks  
  46  4:03  Barracks  
  46  4:04  Starport Reactor  
  46  4:08  SCV  
  46  4:09  SCV  
  48  4:10  Marine  
  48  4:15  Supply Depot  
  49  4:20  SCV  
  49  4:21  SCV  
  50  4:27  Engineering Bay x2, Factory Reactor  
  50  4:32  SCV  
  50  4:34  SCV  
  52  4:39  Supply Depot  
  52  4:44  Marine, SCV  
  54  4:46  SCV  
  54  4:48  Refinery x2  
  54  4:50  Marine x2  
  54  4:52  Starport Reactor  
  57  4:54  Terran Infantry Weapons Level 1  
  57  4:55  Terran Infantry Armor Level 1  
  57  4:59  SCV x2  
  59  5:00  Marine  
  59  5:01  Marine  
  59  5:05  Orbital Command  
  61  5:11  SCV x2  
  61  5:12  Marine x3  
  66  5:20  Marine x2  
  68  5:23  SCV x2  
  70  5:28  Medivac x2, Combat Shield  
  70  5:29  Orbital Command  
  70  5:30  Marine  
  70  5:33  Supply Depot  
  70  5:35  SCV x2  
  77  5:37  Widow Mine x2  
  81  5:45  Supply Depot, Marine x3  
  81  5:46  Marine  
  85  5:52  SCV x2  
  85  5:54  Marine  
  85  5:55  SCV  
  85  5:56  Armory  
  87  6:04  Marine x4, SCV x2  
  88  6:07  SCV  
  94  6:12  Supply Depot, Widow Mine, Marine  
  94  6:13  Widow Mine  
  94  6:14  Supply Depot  
  94  6:16  SCV x2  
  101  6:26  Barracks x2  
  101  6:29  Factory  
  101  6:30  Refinery  
  101  6:34  Widow Mine, Marine x4, SCV  
  101  6:36  Widow Mine  
  101  6:38  Supply Depot  
  110  6:41  SCV x2  
  110  6:46  SCV  
  109  6:50  Terran Infantry Armor Level 2, Terran Infantry Weapons Level 2  
  109  6:52  Terran Vehicle And Ship Armor Level 1  
  109  6:55  Medivac x2  
  113  7:02  SCV x2  
  113  7:03  SCV  
  113  7:05  Supply Depot  
  116  7:09  Supply Depot, Marine x5  
  116  7:13  Widow Mine x2  
  116  7:14  Factory Tech Lab  
  116  7:15  Barracks Reactor  
  123  7:16  Barracks Reactor  
  123  7:17  SCV  
  123  7:18  SCV  
  125  7:27  SCV  
  125  7:29  Supply Depot  
  126  7:35  Drilling Claws  
  126  7:37  Barracks  
  126  7:38  Widow Mine, Barracks  
  126  7:39  Widow Mine x2  
  126  7:40  Barracks  
  126  7:41  Medivac  
  126  7:42  Medivac  
  136  7:47  Refinery  
  135  7:51  Marine  
  135  7:52  Marine x7  
  143  8:04  Widow Mine x2  
  143  8:05  Marauder  
  148  8:09  Supply Depot x3, Marine  
  149  8:16  Marine  
  149  8:18  Missile Turret  
  146  8:20  Missile Turret  
  146  8:21  Supply Depot, Missile Turret  
  146  8:27  Barracks Tech Lab x3  
  146  8:30  Thor  
  146  8:31  Supply Depot x2  
  146  8:32  Widow Mine x2  
  146  8:33  Medivac x2  
  160  8:40  Marine  
  160  8:41  Marauder, Marine x4  
  165  8:52  Terran Vehicle And Ship Armor Level 2  
  165  8:53  Widow Mine x2  
  169  8:56  Marauder x2  
  169  8:57  Marauder  
  169  9:02  Marauder  
  177  9:06  Sensor Tower  
  181  9:11  Terran Infantry Weapons Level 3  
  181  9:13  Thor  
  183  9:18  Command Center  
  183  9:24  Marauder x2  
  183  9:25  Marauder x2  
  183  9:30  Widow Mine x2  
  191  9:34  Medivac x2  
  191  9:45  Marine x6  
  192  9:46  Marauder x2, Marine x2  
  192  9:51  Marauder  
  197  9:59  Terran Infantry Armor Level 3  
  197  10:00  Marauder  
  197  10:04  Marine x3  
  197  10:06  Marine  
  197  10:14  Marauder  
  197  10:17  Marine  
  197  10:18  Marauder  
  197  10:19  Marauder  
  187  10:25  Thor  
  187  10:26  Widow Mine x2  
  197  10:29  Marine  
  197  10:30  Marauder  
  197  10:34  Medivac  
  160  10:53  Widow Mine x2  
  160  10:55  Marauder x3  
  160  10:56  Marauder, Marine x3  
  160  10:57  Marine x5  
  162  11:02  Planetary Fortress  
  159  11:07  Thor  
  165  11:14  Marine x2  
  165  11:17  Marauder x3  
  173  11:20  Widow Mine x2  
  173  11:25  Medivac x2  
  181  11:34  Marine, Marauder  
  181  11:38  Marauder x2  
  188  11:40  Unknown x2  
  188  11:42  Widow Mine x2  
  188  11:43  Marine  
  188  11:44  Marine x6  
  199  11:53  Terran Vehicle And Ship Armor Level 3  
  199  11:57  Unknown x4  
  199  11:58  Unknown x3  
  199  11:59  Unknown  
  199  12:02  Barracks  
  199  12:08  Marine  
  199  12:09  Marauder, Marine  
  199  12:20  Barracks  
  199  12:22  Barracks  
  199  12:24  Command Center  
  199  12:29  Thor  
  152  12:30  Widow Mine x2, Marauder  
  152  12:31  Marauder x3  
  152  12:32  Marine  
  152  12:33  Marine x7  
  151  12:39  Medivac x2  
  155  12:50  Marine x2  
  133  12:52  Marauder x2  
  133  12:53  Marine  
  124  12:58  Barracks Tech Lab  
  124  13:03  Widow Mine x2  
  124  13:04  Marauder x2, Marine x5  
  128  13:08  Marine x2  
  128  13:09  Barracks Tech Lab x2  
  130  13:13  Marauder x2, Medivac x2  
  130  13:15  Widow Mine  
  140  13:24  Widow Mine x2  
  140  13:26  Marauder  
  146  13:27  Marine  
  146  13:28  Marine  
  146  13:32  Marauder  
  146  13:33  Marauder  
  152  13:36  Widow Mine, Marauder  
  152  13:39  Marauder  
  158  13:42  Marine x4  
  158  13:45  Widow Mine x2  
  165  13:52  Medivac x2  
  165  13:54  Marauder x2  
  173  14:04  Widow Mine  
  173  14:07  Widow Mine x2  
  173  14:08  Marauder x2  
  173  14:09  Marauder x2  
  187  14:13  Missile Turret  
  186  14:22  Marauder, Marine  
  186  14:23  Marine  
  182  14:25  Thor, Marine x2  
  176  14:40  Widow Mine  
  176  14:41  Widow Mine  
  169  14:47  Medivac x2  
  155  14:58  Marauder x4, Marine x4, Unknown  
  148  15:02  Widow Mine  
  148  15:06  Widow Mine  
  151  15:08  Widow Mine, Marine, Marauder  
  144  15:18  Marine x5  
  127  15:23  Widow Mine  
  127  15:27  Widow Mine  
  132  15:28  Marauder x3  
  132  15:29  Widow Mine  
  117  15:45  Widow Mine, Marine x7  
  117  15:47  Marine  
  117  15:49  Widow Mine  
  125  15:51  Widow Mine, Marauder  
  125  15:52  Marine  
  130  15:59  Orbital Command  
  130  16:01  Medivac x2  
  134  16:06  Widow Mine, Marine x4  
  134  16:07  Marine x2  
  134  16:09  Marine  
  134  16:10  Widow Mine, Marine  
  146  16:12  Widow Mine  
  146  16:14  Marauder x2  
  146  16:16  Marine  
  153  16:28  Widow Mine, Marine  
  153  16:29  Marauder x3, Marine x2  
  153  16:32  Widow Mine  
  166  16:36  Medivac x2  
  169  16:40  SCV  
  169  16:42  SCV x2  
  169  16:45  Thor  
  177  16:47  Marauder  
  177  16:48  Marine x2  
  177  16:50  Widow Mine  
  177  16:53  Widow Mine  
  183  17:03  Marauder x2  
  183  17:06  Marine  
  181  17:09  Marine  
  181  17:12  Widow Mine  
  181  17:14  Widow Mine  
  133  17:22  Medivac x2  
  133  17:24  Marine, Marauder  
  133  17:25  Marauder x2, Marine x10  
  133  17:27  Thor  
  156  17:39  Marine  
  156  17:40  Widow Mine x2  
  156  17:42  Marine x5  
  156  17:43  Marine  
  162  17:58  Marauder  
  162  17:59  Marauder x2  
  162  18:01  Marine x10  
  162  18:02  Marine  
  141  18:10  Thor  
  141  18:11  Widow Mine x2  
  141  18:12  Marauder  
  139  18:19  Marine x2  
  116  18:26  Marauder x2, Marine x4  
  106  18:31  Marine  
  106  18:32  Marine  
  106  18:33  Widow Mine  
  109  18:34  Unknown x2  
  109  18:36  Medivac  
  101  18:41  Medivac  
  101  18:46  Widow Mine  
  100  18:51  Marine x3  
  100  18:55  Widow Mine  
  107  18:56  Widow Mine  
  107  18:57  Marine  
  108  19:09  Widow Mine  
  110  19:12  Marauder x2  
  110  19:15  Orbital Command  
  110  19:16  Widow Mine  
  116  19:17  Widow Mine  
  116  19:18  Marine x4  
  115  19:34  Marauder x2, Marine x2  
  119  19:42  Widow Mine x3  
  121  19:48  Marine, Marauder  
Show
View Real Time Build Order
Export as new Build Order

Zanster Zerg - Winner!

Build Orders: Hatch First, Muta Ling Bane 

Get SALT Encoding   

  12  0:00  Drone  
  13  0:13  Overlord  
  13  0:17  Drone  
  14  0:31  Drone x2  
  16  0:49  Hatchery  
  15  0:51  Drone  
  15  0:54  Drone  
  17  0:57  Drone  
  18  1:08  Extractor  
  17  1:13  Spawning Pool  
  17  1:16  Drone  
  17  1:18  Drone  
  18  1:28  Drone  
  19  1:39  Drone  
  20  1:50  Drone  
  21  2:01  Queen  
  21  2:02  Queen  
  21  2:03  Zergling x4  
  27  2:13  Overlord  
  27  2:18  Hatchery  
  27  2:22  Drone  
  27  2:25  Drone  
  28  2:32  Drone  
  28  2:37  Drone  
  30  2:42  Metabolic Boost  
  30  2:43  Queen  
  32  2:45  Drone  
  32  2:47  Drone  
  34  2:52  Overlord  
  34  2:54  Drone  
  34  2:56  Drone  
  36  3:05  Overlord  
  36  3:14  Drone x6  
  36  3:17  Drone  
  43  3:22  Queen  
  43  3:25  Drone  
  46  3:31  Queen  
  48  3:35  Zergling x6  
  48  3:36  Zergling x2  
  48  3:39  Overlord  
  52  3:41  Drone  
  52  3:44  Drone  
  52  3:47  Drone  
  55  3:50  Drone  
  55  3:51  Drone x2  
  58  3:58  Lair  
  58  3:59  Drone x2  
  58  4:01  Drone  
  61  4:04  Drone x3  
  61  4:06  Overlord  
  64  4:11  Overlord  
  64  4:18  Baneling Nest  
  64  4:19  Overlord  
  63  4:24  Drone  
  63  4:25  Drone x2  
  63  4:30  Drone x6  
  72  4:32  Drone  
  72  4:36  Overlord x2  
  73  4:42  Extractor x2, Drone  
  73  4:44  Evolution Chamber  
  73  4:45  Drone  
  72  4:46  Drone, Spore Crawler  
  72  4:47  Evolution Chamber  
  72  4:50  Zergling x2  
  72  4:51  Zergling x4  
  74  4:53  Overlord  
  74  4:57  Drone x3  
  77  5:00  Drone  
  77  5:02  Drone  
  77  5:03  Overlord  
  79  5:12  Drone x3  
  82  5:15  Extractor x2  
  82  5:16  Overlord  
  82  5:20  Drone, Zerg Ground Armor Level 1, Zerg Melee Weapons Level 1  
  82  5:21  Drone x2  
  82  5:23  Drone x4  
  87  5:35  Drone x5  
  92  5:40  Centrifical Hooks, Hatchery  
  92  5:42  Overlord  
  90  5:46  Overlord  
  90  5:50  Zergling x8  
  90  5:54  Overlord  
  94  5:58  Zergling x2  
  94  5:59  Extractor, Spire, Zergling x8  
  94  6:00  Overlord  
  94  6:04  Baneling x4  
  97  6:05  Zergling x4  
  97  6:09  Zergling x2  
  97  6:10  Baneling  
  97  6:11  Baneling x3  
  99  6:14  Zergling x4  
  101  6:25  Zergling x6  
  104  6:30  Overlord  
  104  6:31  Overseer  
  103  6:35  Zergling x2  
  103  6:36  Hatchery, Zergling x14  
  103  6:37  Overlord  
  104  6:53  Drone x5  
  109  6:54  Drone  
  109  6:56  Drone x2  
  109  6:59  Hatchery  
  109  7:01  Drone  
  109  7:02  Drone x4  
  109  7:03  Overlord  
  113  7:17  Mutalisk  
  113  7:18  Mutalisk x5  
  113  7:21  Zerg Melee Weapons Level 2, Zerg Ground Armor Level 2  
  124  7:23  Mutalisk  
  124  7:25  Overlord  
  124  7:26  Zergling x2  
  124  7:27  Extractor, Zergling x12  
  132  7:31  Zergling x6  
  132  7:32  Zergling x4  
  132  7:37  Overlord  
  137  7:40  Zergling x6  
  137  7:42  Baneling x6  
  137  7:43  Overlord  
  139  7:53  Zergling x2  
  139  7:54  Zergling x24  
  139  7:57  Zerg Flyer Weapons Level 1  
  139  7:58  Overlord  
  152  8:00  Drone x4  
  152  8:01  Infestation Pit  
  152  8:05  Overlord  
  155  8:09  Mutalisk x4  
  152  8:21  Mutalisk x2  
  152  8:24  Zergling x18  
  163  8:35  Drone  
  163  8:36  Drone x8  
  163  8:37  Overlord  
  163  8:38  Hive  
  163  8:39  Zergling x4  
  163  8:40  Zergling x4  
  176  8:41  Zergling x2  
  176  8:42  Zergling x2  
  176  8:47  Zergling x4  
  180  8:52  Overseer, Pneumatized Carapace  
  180  8:53  Overseer  
  180  8:54  Mutalisk x2  
  182  8:56  Overlord  
  182  9:00  Zergling x16  
  190  9:10  Extractor  
  190  9:11  Zergling x20  
  190  9:16  Baneling x5  
  190  9:17  Baneling x11  
  199  9:18  Baneling x5  
  183  9:27  Drone x11  
  187  9:32  Drone x3  
  187  9:35  Spore Crawler  
  187  9:36  Drone x4  
  184  9:58  Zergling x24  
  184  9:59  Zerg Melee Weapons Level 3  
  193  10:12  Baneling x2  
  193  10:13  Baneling x12  
  192  10:21  Zerg Ground Armor Level 3  
  183  10:22  Adrenal Glands  
  183  10:23  Zergling x8  
  183  10:24  Zergling x12  
  189  10:40  Zergling x10  
  189  10:41  Zergling x10  
  151  10:54  Zergling x6  
  151  10:55  Zergling x32  
  156  10:58  Mutalisk  
  156  10:59  Mutalisk x2  
  160  11:06  Baneling  
  160  11:07  Baneling x9  
  160  11:10  Zergling x8  
  164  11:21  Zergling x20  
  164  11:23  Hatchery  
  172  11:35  Greater Spire  
  172  11:36  Zergling x18  
  172  11:37  Baneling  
  172  11:38  Baneling x9  
  181  11:45  Baneling  
  177  11:55  Zergling x24  
  177  11:59  Baneling x9  
  175  12:12  Zergling x8  
  175  12:13  Zergling x22  
  182  12:17  Baneling x9  
  136  12:30  Zergling x18  
  136  12:33  Baneling x5  
  136  12:34  Baneling x11  
  138  12:39  Zergling x2  
  138  12:40  Zergling x10  
  131  12:55  Mutalisk  
  131  12:56  Mutalisk x7  
  135  13:00  Mutalisk x2  
  137  13:06  Mutalisk x2  
  141  13:14  Zergling x2  
  141  13:15  Zergling x8  
  146  13:21  Hatchery  
  146  13:22  Zergling x2  
  146  13:23  Zergling x10  
  151  13:33  Zergling x2  
  151  13:34  Zergling x16  
  157  13:39  Baneling x2  
  157  13:40  Baneling x6  
  159  13:42  Zergling x10  
  159  13:46  Zerg Flyer Armor Level 1  
  164  14:05  Drone x11  
  168  14:13  Drone x2  
  170  14:23  Zergling x26  
  183  14:27  Baneling x13  
  183  14:37  Hatchery, Zergling x18  
  163  14:57  Zergling x30  
  177  15:05  Mutalisk x2  
  181  15:10  Overseer, Baneling x6  
  179  15:19  Zergling x2  
  179  15:20  Zergling x18  
  150  15:39  Drone x9  
  156  15:45  Zergling x2  
  156  15:46  Zergling x8  
  156  15:49  Drone x3  
  165  15:50  Drone  
  165  15:51  Baneling x3  
  165  15:52  Baneling x13  
  165  15:57  Drone  
  166  15:59  Zergling x10  
  166  16:03  Zergling x10  
  166  16:04  Zergling x2  
  177  16:07  Zerg Flyer Weapons Level 2  
  177  16:14  Zergling x10  
  177  16:15  Zergling x18  
  191  16:21  Mutalisk x2  
  191  16:24  Baneling  
  191  16:25  Baneling x26  
  189  16:32  Mutalisk x4  
  188  16:34  Overseer  
  188  16:35  Mutalisk  
  188  16:38  Zergling x4  
  182  17:14  Zergling x36  
  182  17:15  Zergling x14  
  183  17:20  Baneling  
  183  17:21  Baneling x15  
  183  17:22  Zergling x2  
  180  17:26  Zergling x6  
  180  17:27  Zergling x6  
  186  17:38  Zergling x2  
  186  17:39  Zergling x12  
  186  17:43  Extractor x2  
  191  17:48  Zergling x18  
  191  17:51  Hatchery  
  188  18:03  Zergling x12  
  188  18:04  Zergling x6  
  176  18:11  Mutalisk x8  
  186  18:19  Zergling x16  
  175  18:22  Zergling x2  
  169  18:29  Zergling x6  
  172  18:36  Baneling x13  
  172  18:37  Baneling x4  
  167  18:45  Zergling x2  
  167  18:46  Zergling x26  
  175  18:53  Baneling x9  
  175  18:58  Queen  
  175  18:59  Zergling x12  
  175  19:00  Zergling x12  
  189  19:03  Extractor  
  189  19:04  Extractor  
  189  19:05  Spine Crawler  
  189  19:06  Spore Crawler  
  185  19:10  Zergling x20  
  195  19:21  Zergling x10  
  195  19:35  Zergling x8  
  196  19:48  Zergling x10  
  199  19:53  Baneling x9  
Tags
 
Add a new tag
Caveats
  • Supply blocks, unpowered buildings, or Contaminate may cause inaccurate times.
  • Supply counts are checked every 10 seconds.